 Dungeon Crawl Stone Soup version 0.28.0-62-gf88900778d (webtiles) character file.

Game seed: 17954973352532897172

6096 cbfl8 the Spear-Bearer (level 10, -2/94 (120) HPs)
             Began as a Merfolk Berserker on Aug 22, 2023.
             Was an Elder of Trog.
             Slain by a wraith (6 damage)
             ... led by Josephine
             ... on level 9 of the Dungeon.
             The game lasted 00:12:26 (9480 turns).

cbfl8 the Spear-Bearer (Merfolk Berserker)          Turns: 9480, Time: 00:12:27

HP:   -2/94 (120)   AC: 11    Str: 22    XL:     10   Next: 88%
MP:   10/10         EV:  9    Int:  6    God:    Trog [****..]
Gold: 542           SH: 14    Dex: 19    Spells: 9/9 levels left

rFire   + . .      SeeInvis .   p - +0 trident (vamp)
rCold   x . .      Faith    .   j - +2 tower shield {rF+}
rNeg    . . .      Spirit   .   k - +0 chain mail
rPois   .          Reflect  .   (no helmet)
rElec   .          Harm     .   y - +0 cloak
rCorr   .          Rampage  .   (no gloves)
Will    +....                   (no boots)
Stlth   ..........              r - amulet of regeneration
HPRegen 1.05/turn               b - +4 ring of evasion
MPRegen 0.12/turn               E - ring "Qairusch" {rC- Will+ Str+3 Dex+2 Stlth+}

@: berserking (expiring), slowed, heavily drained
A: (nimble swimmer 2), mertail
a: Renounce Religion, Berserk, Trog's Hand, Brothers in Arms


You were on level 9 of the Dungeon.
You worshipped Trog.
Trog was greatly pleased with you.
You visited 1 branch of the dungeon, and saw 10 of its levels.

You collected 542 gold pieces.

Inventory:

Hand Weapons
 p - a +0 vampiric trident (weapon)
 B - a +2 halberd of draining
Missiles
 v - 3 throwing nets
 D - 8 boomerangs
Armour
 j - a +2 tower shield of fire resistance (worn)
 k - a +0 chain mail (worn)
 y - a +0 cloak (worn)
Jewellery
 b - a +4 ring of evasion (left hand)
 r - an amulet of regeneration (around neck)
 C - a ring of see invisible
 E - the ring "Qairusch" (right hand) {rC- Will+ Str+3 Dex+2 Stlth+}
   (You took it off an orc on level 8 of the Dungeon)

   [ring of willpower]

   Str:       It affects your strength (+3).
   Dex:       It affects your dexterity (+2).
   rC:        It makes you vulnerable to cold.
   Will:      It increases your willpower.
   Stlth:     It makes you more stealthy.
Wands
 o - a wand of flame (42)
 q - a wand of polymorph (4) (quivered)
 w - a wand of charming (9)
 A - a wand of iceblast (12)
Scrolls
 e - a scroll of magic mapping {unknown}
 g - 2 scrolls of fear
 m - a scroll of holy word
 s - 3 scrolls of teleportation
 z - 2 scrolls of immolation {unknown}
 F - 2 scrolls of noise
Potions
 a - 2 potions of attraction {unknown}
 c - 3 potions of curing
 d - a potion of berserk rage {unknown}
 f - 3 potions of ambrosia {unknown}
 h - a potion of heal wounds {unknown}
 i - a potion of invisibility {unknown}
 l - 3 potions of lignification {unknown}
 n - a potion of brilliance {unknown}
 t - 2 potions of cancellation {unknown}
 G - 2 potions of degeneration {unknown}
Miscellaneous
 u - a condenser vane


   Skills:
 + Level 7.8 Fighting
 + Level 14.2 Polearms
 * Level 5.4 Throwing
 + Level 5.1 Armour
 - Level 2.6 Dodging
 + Level 2.1 Stealth
 + Level 1.1 Shields
 * Level 6.3 Evocations


You had 9 spell levels left.
You didn't know any spells.
Your spell library was empty.

Dungeon Overview and Level Annotations

Branches:
Dungeon (10/15)            Temple (0/1) D:4            Lair (0/6) D:8
    Orc: D:9-12

Altars:
Uskayaw
Beogh

Shops:
D:4 (

Portals:
Abyss: D:6

Annotations:
D:2 1 runed translucent door, Crazy Yiuf
D:6 2 transporters, macfelon's ghost, novice DECj
D:9 Josephine


Innate Abilities, Weirdness & Mutations

((You are very nimble when in or above water. (Stealth+, EV+, Speed+++)))
Your lower body shifts to a powerful aquatic tail in water.


Message History

Josephine completely resists.
The ghostly fireball engulfs the wraith.
The wraith completely resists.
The wraith hits you but does no damage.
You hit Josephine.
Josephine is heavily wounded.
Josephine barely misses you. You block the wraith's attack.
You barely miss Josephine.
Josephine is heavily wounded.
Josephine laughs insanely.
You block Josephine's attack. The wraith closely misses you.
Unknown command.
You barely miss Josephine.
Josephine is heavily wounded.
Josephine hits you with a +0 dagger.
* * * LOW HITPOINT WARNING * * *
The wraith barely misses you.
You puncture Josephine!
Josephine is heavily wounded.
Josephine drinks a potion.
Josephine is healed!
You block the wraith's attack.
You puncture Josephine!
Josephine is heavily wounded.
You block Josephine's attack. The wraith hits you.
* * * LOW HITPOINT WARNING * * *
The wraith drains your vigour!
You feel as though you will be slow longer.
You barely miss Josephine.
Josephine is heavily wounded.
Josephine hits you with a +0 dagger.
* * * LOW HITPOINT WARNING * * *
You block the wraith's attack.
You hit Josephine but do no damage.
Josephine is heavily wounded.
Josephine casts a spell at you.
The ghostly flame explodes!
The ghostly fireball engulfs you!!
You feel drained.
* * * LOW HITPOINT WARNING * * *
The ghostly fireball engulfs Josephine.
Josephine completely resists.
The ghostly fireball engulfs the wraith.
The wraith completely resists.
The wraith hits you.
You die...

.......# #####.........# #....
.......# #...'.........# #....
.).....###.###.........######....
.......##..# #.........##...'....
..........## #(...[...(#..###....
.......#### #........)'.## #....
.......# #........)### #....
.####### ###รท####### ###'# .#
#@##### #...# ## #@W...# ###.###
# #######'## #...... # #........#
###..(... ########## #........#
#........ .........# #........#
#.#...... .......[.#
#...>....###.#...... .........#
#........##..#...... .........#
#........'..##......


You could see Josephine and a wraith.

Vanquished Creatures
  A two-headed ogre (D:8)
  Maurice (D:9)
  A kobold demonologist (D:9)
  3 trolls
  2 shadows
  A yak (D:10)
  A steam dragon (D:8)
  2 wargs (D:7)
  An acid dragon (D:9)
  2 water moccasins
  An orc warrior (D:7)
  3 sky beasts
  A black bear (D:8)
  5 centaurs
  A necrophage (D:7)
  5 ogres
  2 kobold brigands
  2 bullfrogs
  Blork the orc (D:5)
  A water moccasin zombie (D:7)
  A scorpion (D:4)
  10 wights
  3 electric eels (D:9)
  3 centaur zombies
  2 jellies
  A hound (D:5)
  A gnoll shaman (D:4)
  6 orc priests
  2 bullfrog skeletons
  A centaur skeleton (D:7)
  Terence (D:2)
  3 iguanas
  6 orc wizards
  A scorpion zombie (D:5)
  A killer bee zombie (D:8)
  2 howler monkey skeletons
  5 gnolls
  6 adders
  An ufetubus (D:7)
  2 worms (D:3)
  3 dart slugs (D:1)
  26 orcs
  8 endoplasms
  2 giant cockroaches
  8 goblins
  7 hobgoblins
  4 jackals (D:2)
  2 quokkas
  8 ball pythons
  7 bats
  A frilled lizard (D:1)
  14 kobolds
  4 rats
189 creatures vanquished.

Vanquished Creatures (others)
  A fungus (D:2)
  A plant (D:9)
2 creatures vanquished.

Grand Total: 191 creatures vanquished

Notes
Turn   | Place    | Note
-------+----------+-------------------------------------------
     0 | D:1      | cbfl8 the Merfolk Berserker began the quest for the Orb.
     0 | D:1      | Reached XP level 1. HP: 18/18 MP: 1/1
   474 | D:1      | Reached XP level 2. HP: 24/24 MP: 2/2
   734 | D:1      | Reached skill level 5 in Polearms
   807 | D:1      | Reached XP level 3. HP: 27/30 MP: 3/3
   940 | D:1      | Found a faded altar of an unknown god.
  1210 | D:2      | Reached skill level 1 in Evocations
  1484 | D:2      | Found a runed translucent door.
  1487 | D:2      | Noticed Crazy Yiuf
  1576 | D:2      | Reached ** piety under Trog
  1697 | D:2      | Noticed Terence
  1711 | D:2      | Killed Terence
  1712 | D:2      | Reached skill level 1 in Stealth
  1712 | D:2      | Reached XP level 4. HP: 31/37 MP: 4/4
  2379 | D:3      | Reached skill level 6 in Polearms
  2385 | D:3      | Noticed a bullfrog
  2400 | D:3      | Killed a bullfrog
  2401 | D:3      | Reached XP level 5. HP: 42/42 MP: 5/5
  2681 | D:3      | Reached skill level 7 in Polearms
  3016 | D:3      | Reached XP level 6. HP: 48/48 MP: 6/6
  3459 | D:4      | Found Iskuaf's Antique Weapon Shop.
  3471 | D:4      | Reached skill level 8 in Polearms
  3511 | D:4      | Reached XP level 7. HP: 55/55 MP: 7/7
  4147 | D:4      | Found a staircase to the Ecumenical Temple.
  4174 | D:5      | Entered Level 5 of the Dungeon
  4358 | D:5      | Noticed Ijyb
  4376 | D:4      | Reached skill level 5 in Fighting
  4376 | D:4      | Reached skill level 9 in Polearms
  4508 | D:5      | Noticed Ijyb
  4508 | D:5      | Ijyb changed into Ijyb the orc
  4567 | D:5      | Reached *** piety under Trog
  4568 | D:5      | Killed Ijyb the orc
  4582 | D:5      | Reached XP level 8. HP: 52/62 MP: 8/8
  4853 | D:5      | Found a hide-covered altar of Uskayaw.
  4998 | D:5      | Noticed Blork the orc
  5005 | D:5      | Killed Blork the orc
  5544 | D:6      | Reached skill level 10 in Polearms
  5638 | D:6      | Found a one-way gate to the infinite horrors of the Abyss.
  5638 | D:6      | Noticed macfelon's ghost (novice DECj)
  5651 | D:6      | Noticed a purple ugly thing
  5668 | D:6      | Found a transporter.
  5675 | D:6      | Reached skill level 1 in Throwing
  5698 | D:6      | Found a transporter.
  6048 | D:6      | Reached XP level 9. HP: 53/69 MP: 9/9
  6199 | D:7      | Reached skill level 11 in Polearms
  7364 | D:8      | Found a staircase to the Lair.
  7374 | D:7      | Reached skill level 5 in Evocations
  7401 | D:7      | Reached skill level 12 in Polearms
  7482 | D:7      | Reached **** piety under Trog
  7730 | D:8      | Identified the ring "Qairusch" {rC- Will+ Str+3 Dex+2
                  | Stlth+}
  7753 | D:8      | Reached XP level 10. HP: 77/77 MP: 10/10
  7754 | D:8      | Noticed a two-headed ogre
  7766 | D:8      | Killed a two-headed ogre
  7767 | D:8      | Reached skill level 13 in Polearms
  8382 | D:9      | Noticed Maurice
  8395 | D:9      | Killed Maurice
  8396 | D:9      | Reached skill level 5 in Throwing
  9074 | D:10     | Entered Level 10 of the Dungeon
  9089 | D:10     | Reached skill level 14 in Polearms
  9176 | D:10     | Noticed a kobold demonologist
  9177 | D:10     | Noticed a kobold demonologist
  9178 | D:10     | Noticed a sun demon
  9185 | D:10     | Noticed a rust devil
  9301 | D:9      | Killed a kobold demonologist
  9302 | D:9      | Reached skill level 5 in Armour
  9348 | D:10     | Reached skill level 1 in Shields
  9348 | D:10     | Noticed Josephine
  9480 | D:9      | HP: 4/94 [Josephine/ghostly fireball (24)]
  9480 | D:9      | Slain by a wraith

Illustrated notes

Levels and vault maps discovered:
D:1:      lightli_arrival_isolated_outpost, layout_rooms,
          ebering_ecumenical_altar_hall, minmay_tromino_i4
D:2:      minmay_recursive_quarters, layout_basic, uniq_terence,
          uniq_crazy_yiuf_cottage
D:3:      layout_basic
D:4:      minmay_wonky_spiral, layout_cave_pools,
          minmay_temple_entry_from_below_a, serial_shops,
          nicolae_shop_hallway_stairs, chequers_serial_rivers_room_a,
          kennysheep_orc_chapel
D:5:      layout_basic, nicolae_overflow_crystal_walls, uniq_ijyb,
          uniq_blork_the_orc
D:6:      layout_loops_cross, gammafunk_ghost_abyssal_escape
D:7:      layout_loops_cross
D:8:      layout_gridville, erik_lair_orcish_takeover, minmay_fractal_squares_5
D:9:      layout_roguey, serial_bayou, serial_bayou_shore_a,
          serial_bayou_shore_b, serial_bayou_ford_a, serial_bayou_pond_c,
          uniq_maurice
D:10:     layout_loops_ring, uniq_josephine, uniq_sonja, uniq_fannar

Skill      XL: |  1  2  3  4  5  6  7  8  9 10 |
---------------+-------------------------------+-----
Polearms       | 5 6 7 8 9 10 12 14 | 14.2
Evocations     | 1 2 3 4 5 6 |  6.3
Stealth        | 1 2 |  2.1
Fighting       | 4 5 6 7 |  7.8
Armour         | 2 3 4 5 |  5.1
Throwing       | 2 4 5 |  5.4
Shields        | 1 |  1.1
Dodging        | |  2.6

Action                   |  1- 3 |  4- 6 |  7- 9 | 10-12 || total
-------------------------+-------+-------+-------+-------++-------
Melee: Spear             |   136 |     2 |       |       ||   138
       Trident           |       |   139 |   124 |    67 ||   330
       Punch             |       |     1 |     3 |       ||     4
       Halberd           |       |       |   248 |   102 ||   350
Invok: Berserk           |     2 |     4 |     6 |     6 ||    18
Evoke: Wand              |       |       |     3 |       ||     3
  Use: Scroll            |       |     3 |     4 |    10 ||    17
       Potion            |       |       |     1 |       ||     1
 Stab: Sleeping          |     2 |       |       |       ||     2
       Distracted        |       |       |     1 |       ||     1
Armor: Animal skin       |    20 |       |       |       ||    20
       Scale mail        |       |    47 |       |       ||    47
       Chain mail        |       |     1 |   116 |    70 ||   187
Dodge: Dodged            |    81 |    50 |   215 |    84 ||   430
Block: Tower shield      |       |       |       |    58 ||    58
